 Dungeon Sprint DCSS version 0.23.2-1-ga50397a6bc (webtiles) character file.

Game seed: 329821139477887745

431 Kobolds4U the Carver (level 6, -8/47 HPs)
             Began as a Demonspawn Berserker on May 21, 2019.
             Was a Believer of Trog.
             Mangled by a slime creature (16 damage)
             ... in the Dungeon (Sprint I: "Red Sonja").
             The game lasted 00:01:10 (566 turns).

Kobolds4U the Carver (Demonspawn Berserker)          Turns: 566, Time: 00:01:11

Health: -8/47      AC:  3    Str: 18    XL:     6   Next: 67%
Magic:  6/6        EV: 12    Int:  8    God:    Trog [**....]
Gold:   313        SH:  0    Dex: 14    Spells: 5/5 levels left

rFire    + . .     SeeInvis .   a - +0 falchion
rCold    . . .     Gourm    .   (no shield)
rNeg     . . .     Faith    .   j - +0 leather armour
rPois    .         Spirit   .   (helmet restricted)
rElec    .         Reflect  .   (no cloak)
rCorr    .         Harm     .   (no gloves)
MR       .....     NoTele   +   (no boots)
Stlth    +.........             (no amulet)
HPRegen  0.15/turn              (no ring)
MPRegen  0.10/turn              (no ring)

@: no status effects
A: horns 1, fire resistance 1
a: Berserk, Trog's Hand, Renounce Religion


You were in the Dungeon.
You worshipped Trog.
Trog was pleased with you.
You were not hungry.

You visited 1 branch You collected 313 gold pieces.

Inventory:

Hand Weapons
 a - a +0 falchion (weapon)
Armour
 j - a +0 leather armour (worn)
Scrolls
 b - a scroll of summoning {unknown}
 i - a scroll of blinking
Potions
 d - a potion of curing
 e - a potion of heal wounds
 f - a potion of haste
 g - 2 potions of magic
 h - a potion of berserk rage


   Skills:
 - Level 3.0 Fighting
 * Level 13.0 Long Blades
 - Level 1.7 Armour
 - Level 1.7 Dodging


You had 5 spell levels left.
You didn't know any spells.
Your spell library was empty.

Dungeon Overview and Level Annotations

Branches:
Dungeon (1/1)

Altars:
Cheibriados
Dithmenos
Elyvilon
Fedhas
Gozag
Hepliaklqana
Kikubaaqudgha
Makhleb
Nemelex Xobeh
Okawaru
Qazlal
Ru
Sif Muna
Trog
Uskayaw
Vehumet
Wu Jian
Xom
Yredelemnul
Zin
The Shining One
Jiyva
Lugonu

Shops:
D (


Innate Abilities, Weirdness & Mutations

You have a pair of small horns on your head.
Your flesh is heat resistant. (rF+)


Message History

The slime creature is moderately wounded.
The slime creature barely misses you.
You hit the slime creature but do no damage.
The slime creature is moderately wounded.
The slime creature hits you!!
You hit the slime creature. You headbutt the slime creature.
The slime creature is moderately wounded.
You slash the slime creature! You headbutt the slime creature.
The slime creature is heavily wounded.
The slime creature closely misses you.
You slash the slime creature!
The slime creature is heavily wounded.
The slime creature hits you!
* * * LOW HITPOINT WARNING * * *
You hit the slime creature. You headbutt the slime creature.
The slime creature is severely wounded.
You slash the slime creature! You headbutt the slime creature.
The slime creature is almost dead.
The slime creature hits you!
You die...

###################
#<.#.[)..#..'..#__#
#..').#..').#..@J.+
#..#####'#####'#__#
#..####..#...#(####
#..#__####..##.#
#..#_____##'#_.+
#⌠⌠#_.∩...'..._#
####_..__##_.#'#
#_____###+#.#
####### ###


You could see a slime creature.

Vanquished Creatures
  Sigmund (D)
  A yak (D)
  An ogre (D)
  A jelly (D)
  Ijyb (D)
5 creatures vanquished.

Notes
Turn   | Place    | Note
-------+----------+-------------------------------------------
     0 | D        | Kobolds4U the Demonspawn Berserker began the quest for the
                  | Orb.
     0 | D        | Reached XP level 1. HP: 18/18 MP: 1/1
     1 | D        | Noticed Ijyb
    11 | D        | Killed Ijyb
    11 | D        | Reached skill level 6 in Long Blades
    11 | D        | Gained mutation: You have a pair of small horns on your
                  | head. [demonic ancestry]
    11 | D        | Reached XP level 2. HP: 24/24 MP: 2/2
    91 | D        | Noticed an ogre
    95 | D        | Killed an ogre
    95 | D        | Reached skill level 9 in Long Blades
    95 | D        | Reached XP level 3. HP: 26/29 MP: 3/3
    95 | D        | Gained mutation: Your flesh is heat resistant. (rF+)
                  | [demonic ancestry]
    95 | D        | Reached XP level 4. HP: 32/35 MP: 4/4
   202 | D        | Noticed Sigmund
   214 | D        | Killed Sigmund
   214 | D        | Reached ** piety under Trog
   214 | D        | Reached skill level 11 in Long Blades
   214 | D        | Reached XP level 5. HP: 19/41 MP: 5/5
   394 | D        | Found an ornate altar of the Wu Jian Council.
   394 | D        | Found a deep blue altar of Sif Muna.
   396 | D        | Found a radiant altar of Vehumet.
   402 | D        | Reached XP level 6. HP: 41/47 MP: 6/6
   438 | D        | Found Leiri's Weapon Emporium.
   438 | D        | Found an ancient bone altar of Kikubaaqudgha.
   438 | D        | Found a hazy altar of Hepliaklqana.
   438 | D        | Found a hide-covered altar of Uskayaw.
   438 | D        | Found a basalt altar of Yredelemnul.
   438 | D        | Found an opulent altar of Gozag.
   438 | D        | Found a snail-covered altar of Cheibriados.
   438 | D        | Found a sacrificial altar of Ru.
   438 | D        | Found a shadowy altar of Dithmenos.
   438 | D        | Noticed a yak
   445 | D        | Killed a yak
   445 | D        | Reached skill level 13 in Long Blades
   446 | D        | Found a stormy altar of Qazlal.
   446 | D        | Found a blossoming altar of Fedhas.
   446 | D        | Found a bloodstained altar of Trog.
   446 | D        | Found an iron altar of Okawaru.
   446 | D        | Found a glowing golden altar of the Shining One.
   446 | D        | Found a glowing silver altar of Zin.
   446 | D        | Found a white marble altar of Elyvilon.
   447 | D        | Found a sparkling altar of Nemelex Xobeh.
   551 | D        | Found a viscous altar of Jiyva.
   551 | D        | Found a corrupted altar of Lugonu.
   551 | D        | Noticed a slime creature
   552 | D        | Found a burning altar of Makhleb.
   552 | D        | Found a shimmering altar of Xom.
   566 | D        | Mangled by a slime creature

Skill      XL: |  1  2  3  4  5  6 |
---------------+-------------------+-----
Long Blades    | 6 9 11 13 | 13.0
Fighting       | |  3.0
Armour         | |  1.7
Dodging        | |  1.7

Action                   |  1- 3 |  4- 6 || total
-------------------------+-------+-------++-------
Melee: Falchion          |    11 |    32 ||    43
       Headbutt          |       |    11 ||    11
Invok: Berserk           |     2 |     1 ||     3
  Eat: Ration            |       |     1 ||     1
Armor: Animal skin       |     1 |       ||     1
       Leather armour    |       |     3 ||     3
Dodge: Dodged            |       |     7 ||     7
       Rpst.: Falchion   |       |     2 ||     2
